 Dungeon Crawl Stone Soup version 0.19-a0-1714-gcab94ab (webtiles) character file.

142 mrath the Cudgeler (level 5, -11/45 HPs)
             Began as a Minotaur Fighter on Sept 28, 2016.
             Was an Initiate of Okawaru.
             Killed from afar by Ijyb (19 damage)
             ... with a wand of lightning
             ... on level 3 of the Dungeon.
             The game lasted 00:08:51 (2100 turns).

mrath the Cudgeler (Minotaur Fighter)               Turns: 2100, Time: 00:08:53

Health: -11/45     AC:  7    Str: 22    XL:     5   Next: 4%
Magic:  4/4        EV:  7    Int:  5    God:    Okawaru [......]
Gold:   140        SH:  9    Dex:  9    Spells: 0 memorised, 4 levels left

rFire  . . .     SeeInvis .     a - +0 flail
rCold  . . .     Gourm    .     b - +0 scale mail
rNeg   . . .     Faith    .     c - +0 shield
rPois  .         Spirit   .     (helmet restricted)
rElec  .         Dismiss  .     (no cloak)
rCorr  .         Reflect  .     (no gloves)
MR     .....     Harm     .     (no boots)
Stlth  ..........               (no amulet)
                                (no ring)
                                (no ring)

@: no status effects
A: retaliatory headbutt, horns 2
a: Renounce Religion


You were on level 3 of the Dungeon.
You worshipped Okawaru.
Okawaru was noncommittal.
You were not hungry.

You visited 1 branch of the dungeon, and saw 3 of its levels.

You collected 140 gold pieces.

Inventory:

Hand Weapons
 a - a +0 flail (weapon)
Armour
 b - a +0 scale mail (worn)
 c - a +0 shield (worn)
Wands
 r - a wand of flame (21/48)
Scrolls
 e - a scroll of immolation {unknown}
 g - a scroll of fear {unknown}
 k - 3 scrolls of identify {unknown}
 n - a scroll of teleportation {unknown}
 o - 2 scrolls of remove curse {unknown}
 q - a scroll of noise {unknown}
 v - a scroll of enchant weapon {unknown}
 w - a scroll of enchant armour {unknown}
Potions
 h - a potion of flight {unknown}
 j - a potion of agility
 l - a potion of brilliance {unknown}
 p - 3 potions of berserk rage {unknown}
Books
 t - a book of Geomancy

   Spells                             Type                      Level
   a - Sandblast                      Earth                        1
   b - Passwall                       Transmutation/Earth          2
   c - Stone Arrow                    Conjuration/Earth            3
   d - Petrify                        Transmutation/Earth          4
   e - Lee's Rapid Deconstruction     Earth                        5
Comestibles
 d - a royal jelly
 f - 2 bread rations
 i - 2 beef jerkies
 m - a meat ration
 s - 3 chunks of flesh
 u - a slice of pizza


   Skills:
 + Level 3.6 Fighting
 + Level 6.3 Maces & Flails
 + Level 3.6 Armour
 + Level 0.2 Dodging
 + Level 3.7 Shields
 + Level 0.0 Evocations


You had 4 spell levels left.
You didn't know any spells.

Dungeon Overview and Level Annotations

Branches:
Dungeon (3/15)

Altars:
Makhleb
Okawaru

Annotations:
D:3 Ijyb


Innate Abilities, Weirdness & Mutations

You reflexively headbutt those who attack you in melee.
You have a pair of horns on your head.


Message History

* * * LOW HITPOINT WARNING * * *
You block the kobold's attack.
You hit Ijyb.
Ijyb is moderately wounded.
Ijyb hits you but does no damage. You block the kobold's attack.
You closely miss Ijyb. Your headbutt misses Ijyb.
Ijyb is moderately wounded.
Ijyb hits you with a dagger.
* * * LOW HITPOINT WARNING * * *
You block the kobold's attack.
Ijyb screams, "You nasty!
Big nasty!"
Ijyb hits you with a dagger.
* * * LOW HITPOINT WARNING * * *
Your shield prevents you from hitting Ijyb.
You headbutt Ijyb, but do no damage.
Ijyb is moderately wounded.
The kobold hits you but does no damage.
Ijyb grins evilly.
Ijyb zaps a wand.
The bolt of lightning hits you!
You die...

#.#.....#...
#.#.##......
#.#.##..#.♣.
#.#.###..... #.#.#
#.♣.♣. #############.#.#
#)..._
..............#.###.♣.♣.
......K..........>#.....
......g@$.....#.#.#.#.♣.
########.##...#.#.#.....
#.###.>#.# #..###
#+###..#.# #...<.
......#.#.#.##.#
........#.#.#...
........#.#.#..#
........#...#..#
+####+#'#.###..#


You could see Ijyb and a kobold.

Vanquished Creatures
  Jessica (D:2)
  6 adders
  A gnoll (D:1)
  An ooze (D:1)
  A worm (D:2)
  A dart slug (D:1)
  3 leopard geckos
  6 giant cockroaches
  2 goblins
  9 hobgoblins
  A ball python (D:2)
  4 bats
  2 frilled lizards (D:2)
  3 kobolds (D:2)
  3 rats
44 creatures vanquished.

Notes
Turn   | Place    | Note
-------+----------+-------------------------------------------
     0 | D:1      | mrath the Minotaur Fighter began the quest for the Orb.
     0 | D:1      | Reached XP level 1. HP: 19/19 MP: 0/0
   106 | D:1      | Reached skill level 3 in Maces & Flails
   106 | D:1      | Reached XP level 2. HP: 19/26 MP: 1/1
   415 | D:1      | Reached skill level 4 in Maces & Flails
   738 | D:2      | Reached XP level 3. HP: 31/31 MP: 2/2
   849 | D:1      | Reached skill level 5 in Maces & Flails
   882 | D:2      | Found a burning altar of Makhleb.
   906 | D:2      | Reached XP level 4. HP: 9/39 MP: 3/3
  1280 | D:2      | Noticed Jessica
  1492 | D:2      | Killed Jessica
  1492 | D:2      | Reached skill level 6 in Maces & Flails
  1925 | D:3      | Found an iron altar of Okawaru.
  1938 | D:3      | Became a worshipper of Warmaster Okawaru
  1967 | D:3      | Reached XP level 5. HP: 44/45 MP: 4/4
  2088 | D:3      | Noticed Ijyb
  2100 | D:3      | Killed from afar by Ijyb

Vault maps used:
D:1:      minmay_arrival_semitransparent, hangedman_decor_push
D:2:      first_bread, bloody_makhleb, uniq_jessica
D:3:      okawaru_trees_1, uniq_iyjb, uniq_robin, uniq_grinder

Skill      XL: |  1  2  3  4 |
---------------+-------------+-----
Maces & Flails | 3 4 5 6 |  6.3
Fighting       | |  3.6
Armour         | |  3.6
Dodging        | |  0.2
Shields        | |  3.7

Action                   |  1- 3 |  4- 6 || total
-------------------------+-------+-------++-------
Melee: Flail             |    76 |    62 ||   138
       Headbutt          |    11 |     8 ||    19
  Use: Potion            |     1 |       ||     1
  Eat: Chunk             |       |     4 ||     4
Armor: Scale mail        |    45 |    30 ||    75
Dodge: Dodged            |    24 |    16 ||    40
Block: Shield            |    40 |    38 ||    78
